 Dungeon Crawl Stone Soup version 0.32-a0-290-g598725c5f2 (webtiles) character file.

Game seed: 29087872127796343

203 timneilson the Ruffian (level 5, 0/35 HPs)
             Began as an Octopode Shapeshifter on Feb 13, 2024.
             Slain by an orc priest
             ... wielding a +1 trident of venom
              (10 damage)
             ... on level 4 of the Dungeon.
             The game lasted 00:03:56 (2383 turns).

timneilson the Ruffian (Octopode Shapeshifter)      Turns: 2383, Time: 00:03:57

Health: 0/35       AC:  1    Str: 16    XL:     5   Next: 81%
Magic:  5/5        EV: 13    Int: 12    God:
Gold:   104        SH:  0    Dex: 11    Spells: 4/4 levels left

rFire   . .          .
                       - Unarmed
rCold   . . .        (no shield)
rNeg    . . .        (helmet currently unavailable)
rPois   .            (no amulet)
rElec   .            (no ring)
rCorr   .            (no ring)
SInv    .            (no ring)
Will    .....        (no ring)
Stlth   +++          (no ring)
HPRegen 0.25/turn    (no ring)
MPRegen 0.09/turn    (no ring)
                     (no ring)

%: no passive effects
@: lethally poisoned (0 -> -13), beast-form
A: beast (slay +2), almost no armour, amphibious, 8 rings, camouflage 1,
gelatinous body 1, (nimble swimmer 1), tentacles
a: Begin Untransformation, Convert to Beogh


You were on level 4 of the Dungeon.
You were a hulking beast.
You visited 1 branch of the dungeon, and saw 4 of its levels.

You collected 104 gold pieces.

Inventory:

Talismans
 b - a beast talisman (active)
 c - a flux talisman
 j - a blade talisman
Scrolls
 g - a scroll of fog
Potions
 a - a potion of lignification
 d - a potion of resistance
 e - a potion of cancellation {unknown}
 f - a potion of invisibility {unknown}
 h - a potion of enlightenment {unknown}
 i - 2 potions of curing {unknown}


   Skills:
 * Level 2.6 Fighting
 * Level 3.2 Dodging
 + Level 2.2 Stealth
 * Level 4.0 Unarmed Combat
 * Level 3.7 Shapeshifting


You had 4 spell levels left.
You didn't know any spells.
Your spell library contained the following spells:

 Spells                   Type           Power      Damage    Failure   Level
 Magic Dart               Conj           0%         1d3       32%         1
 Blink                    Tloc           0%         N/A       45%         2
 Call Imp                 Summ           0%         N/A       45%         2


Dungeon Overview and Level Annotations

Branches:
Dungeon (4/15)
 Temple: D:4-7

Altars:
Dithmenos


Innate Abilities, Weirdness & Mutations

You are a hulking beast.
Your limbs bulge with bestial killing power. (Slay +2)
You cannot wear most types of armour.
You are amphibious.
You can wear up to eight rings at the same time.
Your skin changes colour to match your surroundings (Stealth+).
Your rubbery body absorbs attacks. (AC +1, EV +1)
((You are camouflaged when in or above water. (Stealth+)))
You have tentacles for arms and can constrict up to eight enemies at once.


Message History

You tentacle-slap the ribbon worm.
The ribbon worm is severely wounded.
You constrict the ribbon worm. The ribbon worm barely misses you.
You tentacle-slap the ribbon worm but do no damage.
You squeeze the ribbon worm!
You kill the ribbon worm!
An orc comes into view. It is wielding a +0 flail.
An orc priest comes into view. It is wielding a +1 trident of venom.
The orc shouts!
The orc priest shouts!
An orc comes into view. It is wielding a +0 hand axe.
The orc shouts!
You tentacle-slap the orc. Your grab misses the orc.
The orc is severely wounded.
The orc hits you with a +0 flail.
The orc priest looks satisfied for a moment.
You barely miss the orc. You grab the orc.
The orc is heavily wounded.
You constrict the orc, but do no damage.
The orc barely misses you.
The orc priest hits you from afar with a +1 trident of venom.
You are poisoned.
You tentacle-slap the orc.
You kill the orc!
You feel very sick.
The orc priest hits you from afar with a +1 trident of venom.
You are lethally poisoned!
The orc priest shouts, "Beogh offers mercy even to people such as you.
Join us and be reborn!" (press Y on the ability menu to convert to Beogh)
Your Unarmed Combat skill increases to level 4!
You feel very sick.
The orc priest hits you with a +1 trident of venom.
You see here a +0 flail.
You tentacle-slap the orc priest. You grab the orc priest.
You squeeze the orc priest, but do no damage.
The orc priest is lightly wounded.
You constrict the orc priest, but do no damage.
* * * LOW HITPOINT WARNING * * *
You feel very sick.
The orc priest hits you with a +1 trident of venom!
You die...

################
#...........hoo#
##.###########.#
#.#...# #
#.#.#.# #.#.#.#
#.#.#.# #.#.#.#
#.#.#.# #.#.#.#


You could see an orc priest and an orc.

Vanquished Creatures
  An orc priest (D:3)
  An orc wizard (D:3)
  4 adders
  2 ribbon worms
  2 dart slugs (D:1)
  5 orcs
  2 bats
  3 endoplasms
  6 goblins
  6 hobgoblins
  2 jackals (D:3)
  6 ball pythons
  5 frilled lizards
  8 kobolds
  8 rats
61 creatures vanquished.

Notes
Turn   | Place    | Note
-------+----------+-------------------------------------------
     0 | D:1      | timneilson the Octopode Shapeshifter began the quest for
                  | the Orb.
     0 | D:1      | Reached XP level 1. HP: 13/13 MP: 1/1
   129 | D:1      | Reached XP level 2. HP: 10/18 MP: 2/2
   130 | D:1      | Reached skill level 1 in Stealth
   397 | D:1      | Reached XP level 3. HP: 23/23 MP: 3/3
  1200 | D:2      | Reached XP level 4. HP: 29/29 MP: 4/4
  1597 | D:2      | Found a faded altar of an unknown god.
  1806 | D:3      | Found a shadowy altar of Dithmenos.
  1836 | D:3      | Reached XP level 5. HP: 34/35 MP: 5/5
  2382 | D:4      | Reached skill level 4 in Unarmed Combat
  2383 | D:4      | Slain by an orc priest

Illustrated notes

Levels and vault maps discovered:
D:1:      minmay_arrival_wavy_path, layout_basic
D:2:      minmay_door_path, layout_loops_ring,
          shapermc_ecumenical_altar_mp_ritualfount, minmay_cupped
D:3:      layout_basic, nicolae_overflow_crystal_walls,
          minmay_stone_trees_medium, glass_columns_a
D:4:      layout_basic, gammafunk_ghost_nasty_kobolds, lightli_corner_chamber

Skill      XL: |  1  2  3  4  5 |
---------------+----------------+-----
Stealth        | 1 2 |  2.2
Fighting       | 2 |  2.6
Dodging        | 3 |  3.2
Unarmed Combat | 4 |  4.0
Shapeshifting  | |  3.7

Action                     |  1- 3 |  4- 6 || total
---------------------------+-------+-------++-------
  Melee: Unarmed           |    49 |    57 ||   106
         Constrict         |    14 |    16 ||    30
         Tentacles         |    10 |     8 ||    18
         Punch             |     1 |     4 ||     5
    Use: Scroll            |     4 |     1 ||     5
   Stab: Sleeping          |     9 |     9 ||    18
 Armour: Skin              |    15 |    20 ||    35
  Dodge: Dodged            |    24 |    22 ||    46

Table legend: (Time is in decaauts)
 A = Elapsed time spent in this place.
 B = Non-inter-level travel time spent in this place.
 C = Inter-level travel time spent in this place.
 D = Time resting spent in this place.
 E = Time spent auto-exploring this place.
 F = Levels seen in this place.
 G = Mean time per level.
                   A        B        C        D        E       F      G
               +--------+--------+--------+--------+--------+-----+--------+
         Total |   2374 |   2288 |     86 |    148 |   1715 |   4 |  593.5 |
       Dungeon |   2374 |   2288 |     86 |    148 |   1715 |   4 |  593.5 |
               +--------+--------+--------+--------+--------+-----+--------+

Top non-repeatable levels by time:
     D:2: 885 daAuts
     D:1: 812 daAuts
     D:3: 626 daAuts
     D:4: 50 daAuts
